 Dungeon Crawl Stone Soup version 0.31-b1-12-gca42e3d1b8 (webtiles) character file.

Game seed: 9767426340124969205

205 groovy9 the Sneak (level 5, -6/24 HPs)
             Began as a Felid Ice Elementalist on Jan 14, 2024.
             Mangled by an orc
             ... wielding a +0 trident
              (8 damage)
             ... on level 4 of the Dungeon.
             The game lasted 00:22:28 (3776 turns).

groovy9 the Sneak (Felid Ice Elementalist)          Turns: 3776, Time: 00:22:28

Health: -6/24      AC:  1    Str:  4    XL:     5   Next: 52%
Magic:  3/10       EV: 18    Int: 20    God:
Gold:   79         SH:  0    Dex: 17    Spells: 3/10 levels left
                                        Lives:  0   Deaths: 2

rFire   . .          .
                       - Unarmed
rCold   . . .        (shield unavailable)
rNeg    . . .        (body armour unavailable)
rPois   .            (helmet unavailable)
rElec   .            (cloak unavailable)
rCorr   .            (gloves unavailable)
SInv    +            (boots unavailable)
Will    .....        (no amulet)
Stlth   +++          (no ring)
HPRegen 0.24/turn    (no ring)
MPRegen 0.12/turn

%: no passive effects
@: no status effects
A: very small, claws 1, fangs 3, see invisible, shaggy fur 1, stealthy paws, no
weapons or thrown items, no armour, multi-lived
a: no special abilities


You were on level 4 of the Dungeon.
You visited 1 branch of the dungeon, and saw 4 of its levels.

You collected 79 gold pieces.

Inventory:

Scrolls
 h - a scroll of amnesia
Potions
 a - 3 potions of berserk rage
 b - 2 potions of curing
 d - a potion of ambrosia
 e - a potion of heal wounds {unknown}
 g - a potion of mutation {unknown}


   Skills:
 + Level 4.1 Dodging
 + Level 4.4 Stealth
 + Level 1.4 Unarmed Combat
 + Level 3.0 Spellcasting
 + Level 1.0 Summonings
 + Level 4.3 Ice Magic


You had 3 spell levels left.
You knew the following spells:

 Your Spells              Type           Power      Damage    Failure   Level
a - Freeze                Ice            80%        1d9       2%          1
b - Summon Ice Beast      Ice/Summ       13%        N/A       14%         3
c - Ozocubu's Armour      Ice            20%        N/A       8%          3

Your spell library contained the following spells:

 Spells                   Type           Power      Damage    Failure   Level
 Frozen Ramparts          Ice            40%        1d7       8%          3
 Blink                    Tloc           6%         N/A       22%         2
 Jinxbite                 Hex            6%         N/A       22%         2
 Lesser Beckoning         Tloc           6%         N/A       22%         2
 Momentum Strike          Conj/Tloc      6%         3d8       22%         2
 Fugue of the Fallen      Necr           3%         N/A       38%         3
 Manifold Assault         Tloc           3%         N/A       80%         4
 Summon Mana Viper        Hex/Summ       5%         N/A       97%         5
 Yara's Violent Unravell  Hex/Alch       1%         3d3       98%         5
 Enfeeble                 Hex            1%         N/A       100%        7
 Monstrous Menagerie      Summ           3%         N/A       100%        7


Dungeon Overview and Level Annotations

Branches:
Dungeon (4/15)
 Temple: D:4-7

Altars:
Kikubaaqudgha
Xom

Shops:
D:2 !


Innate Abilities, Weirdness & Mutations

You have sharp claws.
You have razor-sharp teeth.
You have supernaturally acute eyesight. (SInv)
You are covered in fur. (AC +1)
Your paws help you pounce on unaware monsters.
You are incapable of wielding weapons or throwing items.
You cannot wear armour.
You gain extra lives every three experience levels.


Message History

Press: ? - help, Shift-Dir - straight line, f/p - orc priest
Aim: an orc priest, wielding a +0 whip (almost dead, ally target)
You freeze the orc priest.
You kill the orc priest!
The orc misses you.
Your ice beast hits the orc.
Your ice beast freezes the orc.
The orc dies!
Your Spellcasting skill increases to level 3!
Your Summonings skill increases to level 1!
Okay, then.
Okay, then.
The orc warrior barely misses your ice beast.
Your ice beast hits the orc warrior but does no damage.
The orc hits you from afar with a +0 trident!
The orc warrior hits your ice beast with a +0 dire flail!
You scratch the orc warrior but do no damage.
You bite the orc warrior, but do no damage.
Your ice beast barely misses the orc warrior.
The orc hits you from afar with a +0 trident!
* * * LOW HITPOINT WARNING * * *
The orc warrior hits you with a +0 dire flail.
* * * LOW HITPOINT WARNING * * *
Your ice beast hits the orc warrior.
Your ice beast freezes the orc warrior.
Casting: Freeze (safe; 2% risk of failure)
Confirm with . or Enter, or press ? or * to list all spells.
Aiming: Freeze (safe; 2% risk of failure)
Press: ? - help, Shift-Dir - straight line, f - orc warrior
Aim: an orc warrior, wielding a +0 dire flail and wearing a +0 plate armour (moderately wounded, ally target)
You freeze the orc warrior!
The orc warrior is heavily wounded.
The orc barely misses you.
Casting: Freeze (safe; 2% risk of failure)
Confirm with . or Enter, or press ? or * to list all spells.
Aiming: Freeze (safe; 2% risk of failure)
Press: ? - help, Shift-Dir - straight line, f/p - orc warrior
Aim: an orc warrior, wielding a +0 dire flail and wearing a +0 plate armour (heavily wounded, ally target)
You freeze the orc warrior.
The orc warrior is severely wounded.
The orc hits you from afar with a +0 trident!
You die...

........#...##
#......##....#
#.....###...##
#..<..#....##
.....o......#
.......#....#
.o....o...#o####
.##...$##.Yo.###
#.....##..@...##
#......#)).....##
#......†........## #
#..............#.###..
.....#.......##........
.#...##.......#........
#...........#.........
... ....#....##........
?#....###..####.......#


You could see an orc warrior (ally target), an orc and a friendly ice beast
(summoned).

Vanquished Creatures
  An orc priest (D:4)
  2 orc wizards (D:3)
  4 adders
  2 dart slugs
  3 ribbon worms
  6 orcs (D:3)
  7 endoplasms
  2 giant cockroaches
  4 goblins
  2 hobgoblins (D:1)
  4 jackals (D:3)
  8 kobolds
  4 quokkas
  5 ball pythons
  5 bats
  3 frilled lizards
  6 rats (D:1)
68 creatures vanquished.

Vanquished Creatures (collateral kills)
  2 orcs
2 creatures vanquished.

Grand Total: 70 creatures vanquished

Notes
Turn   | Place    | Note
-------+----------+-------------------------------------------
     0 | D:1      | groovy9 the Felid Ice Elementalist began the quest for the
                  | Orb.
     0 | D:1      | Reached XP level 1. HP: 9/9 MP: 4/4
   361 | D:1      | Reached XP level 2. HP: 13/13 MP: 4/6
  1451 | D:2      | Reached XP level 3. HP: 14/16 MP: 2/7
  1681 | D:2      | Learned a level 3 spell: Summon Ice Beast
  1774 | D:2      | Slain by a ribbon worm
  1774 | D:2      | Lost a life (0 lives remaining)
  1958 | D:2      | Found Otzaih's Distillery.
  2291 | D:2      | Found a faded altar of an unknown god.
  2442 | D:3      | Reached XP level 4. HP: 16/21 MP: 5/8
  2442 | D:3      | Gained a life (1 life remaining)
  2479 | D:3      | Noticed a black bear
  2911 | D:3      | Killed from afar by an orc wizard
  2911 | D:3      | Lost a life (0 lives remaining)
  2931 | D:3      | Reached skill level 1 in Unarmed Combat
  2935 | D:3      | Learned a level 3 spell: Ozocubu's Armour
  3091 | D:3      | Reached XP level 5. HP: 23/24 MP: 5/10
  3146 | D:3      | Found a shimmering altar of Xom.
  3149 | D:3      | Found an ancient bone altar of Kikubaaqudgha.
  3717 | D:4      | Noticed an orc warrior
  3771 | D:4      | Reached skill level 1 in Summonings
  3773 | D:4      | HP: 1/24 [orc warrior/+0 dire flail (5)]
  3776 | D:4      | Mangled by an orc

Illustrated notes

Levels and vault maps discovered:
D:1:      onia_arrival_mini_maze, layout_basic, st_stairs_14
D:2:      layout_basic, serial_shops, shop, basic_ecumenical_altar
D:3:      layout_basic, grunt_temple_overflow_open, feat_on_display
D:4:      layout_cave_pools, hangedman_glass_teeth,
          minmay_shop_enchanted_jewellery, uniq_edmund

Skill      XL: |  1  2  3  4  5 |
---------------+----------------+-----
Stealth        | 3 4 |  4.4
Dodging        | 3 4 |  4.1
Ice Magic      | 4 |  4.3
Unarmed Combat | 1 |  1.4
Spellcasting   | 3 |  3.0
Summonings     | 1 |  1.0

Action                     |  1- 3 |  4- 6 || total
---------------------------+-------+-------++-------
  Melee: Unarmed           |     2 |     5 ||     7
         Bite              |       |     2 ||     2
   Cast: Freeze            |    77 |    58 ||   135
         Summon Ice Beast  |       |     2 ||     2
    Use: Potion            |     1 |       ||     1
         Scroll            |     3 |     6 ||     9
 Armour: Skin              |    16 |    18 ||    34
  Dodge: Dodged            |    35 |    32 ||    67
